cohdb
Replays
Latest Replays
All Replays
Popular Replays
Top Player Replays
Match Explorer
How It Works
Community
CoH3 Stats
Reddit
Sign in to upload your games and track your stats! →
Sign in with Steam
Match 46657531
Unlisted
Match 46657531
Overview
Messages
Build Orders
End
Panzergrenadier Squad
Kradschützen Motorcycle Team
Selects Armored Support Battlegroup
Panzergrenadier Squad
Construct Light Support Kompanie
Fire Support Elements
Selects Superior Fire Drills
Panzerjäger Mechanized Group
Flakvierling Half-track
Vehicle Survival Package
2.5-tonne Medical Truck
Pak 38 Anti-tank Gun Team
Selects Flammpanzer III Medium Tank
Flammpanzer III Medium Tank
Construct Panzerarmee Kommand
MG34 Team
Veteran Squad Leaders
Armored Reserves
Selects Salvage Kits
Panzer IV Assault Group
Emergency Repair Kits
Selects Panzer Storm
Selects Stuka Dive Bomb
Stuka Dive Bomb
Tiger Heavy Tank
Rapid Advance
Panzer Storm
i_did_NAT_hit_her
zingus23
yesman55
rocketpossum
0
0
Comments
sign in to comment!
No comments posted yet!